 Dungeon Crawl Stone Soup version 0.17-a0-1719-g1afd5a1 (webtiles) character file.

4599 Edwin the Fighter (level 10, -19/82 HPs)
             Began as a Formicid Hunter on Aug 26, 2015.
             Was a Follower of Ru.
             Demolished by a boulder beetle (38 damage)
             ... on level 9 of the Dungeon on Aug 27, 2015.
             The game lasted 00:43:50 (12330 turns).

Edwin the Fighter (Formicid Hunter)                Turns: 12330, Time: 00:43:50

Health: -19/82     AC: 11    Str: 23    XL:     10   Next: 69%
Magic:  9/9        EV: 11    Int: 11    God:    Ru [*.....]
Gold:   389        SH:  0    Dex: 14    Spells: 0 memorised, 9 levels left

rFire  . . .     SeeInvis +     v - +2 dagger (elec)
rCold  . . .     Clarity  .     g - +1 ring mail
rNeg   . . .     SustAt   +     (no shield)
rPois  .         Gourm    .     (helmet unavailable)
rElec  .         Spirit   .     (no cloak)
rCorr  .         Warding  .     y - +2 pair of gloves {Str+3}
rMut   .         Stasis   +     (no boots)
MR     .....                    (no amulet)
Stlth  +.........               f - +3 ring of strength
                                s - ring of sustain attributes

@: lethally poisoned (-19 -> -21), not resistant to hostile enchantments, very
unstealthy
A: permanent stasis, dig shafts and tunnels, four strong arms, antennae 3, low
mp 1, magic vulnerability 1
a: Dig, Shaft Self, Renounce Religion


You were on level 9 of the Dungeon.
You worshipped Ru.
Ru was aware of your devotion.
You were not hungry.

You visited 2 branches of the dungeon, and saw 11 of its levels.
You also visited: Bailey.

You collected 605 gold pieces.
You spent 216 gold pieces at shops.

Inventory:

Hand weapons
 a - a +1 hand crossbow
 c - a +0 short sword
 v - a +2 dagger of electrocution (weapon)
 C - a +0 long sword
 G - a +1 great sword
Missiles
 K - a bolt
Armour
 d - a +0 leather armour
 g - a +1 ring mail (worn)
 n - a +0 pair of gloves
 p - a +1 leather armour of poison resistance
 y - a +2 pair of gloves of strength (worn)
Jewellery
 f - a +3 ring of strength (right hand)
 s - a ring of sustain attributes (left hand)
 B - an uncursed ring of flight
 L - an uncursed ring of protection from magic {unknown}
 M - an uncursed ring of poison resistance {unknown}
 O - a cursed -4 ring of evasion {unknown}
Magical devices
 o - a wand of slowing (16)
 F - a wand of cold (0)
 I - a wand of magic darts (0)
 N - a wand of cold (7)
Scrolls
 h - 3 scrolls of immolation
 u - 3 scrolls of blinking
 P - a scroll of fog {unknown}
 Q - a scroll of magic mapping
 R - a scroll of identify
Potions
 b - a potion of degeneration {unknown}
 j - 2 potions of might
 k - 3 potions of brilliance {unknown}
 m - 2 potions of lignification {unknown}
 q - a potion of poison {unknown}
 r - 2 potions of heal wounds
 t - a potion of resistance {unknown}
 w - a potion of berserk rage {unknown}
 x - a potion of curing {unknown}
 A - a potion of cancellation {unknown}
 E - 2 potions of haste {unknown}
 H - 2 potions of agility
Comestibles
 e - 4 bread rations
 i - 3 meat rations
 l - 6 chunks of flesh
 z - a fruit
 D - a royal jelly
 J - 3 beef jerkies


   Skills:
 + Level 8.9 Fighting
 + Level 6.7 Long Blades
 + Level 8.5 Crossbows
 + Level 8.4 Armour
 - Level 1.7 Dodging
 - Level 1.2 Stealth


You had 9 spell levels left.
You didn't know any spells.

Dungeon Overview and Level Annotations

Branches:
Dungeon (10/15)            Temple (1/1) D:5            Lair (0/8) D:9
    Orc (0/4) D:9

Altars:
Ashenzari
Cheibriados
Dithmenos
Elyvilon
Fedhas
Gozag
Kikubaaqudgha
Makhleb
Nemelex Xobeh
Okawaru
Qazlal
Ru
Sif Muna
Trog
Vehumet
Xom
Zin
The Shining One

Shops:
D:4 %   D:5 !   D:8 !

Annotations:
D:3 1 runed door, exclusion: oklob plant
D:8 Erolcha, Psyche


Innate Abilities, Weirdness & Mutations

You are under a permanent stasis effect.
You can dig through walls and to a lower floor.
Your four strong arms can wield two-handed weapons with a shield.
You have a pair of large antennae on your head (SInv).
Your magical capacity is low (-10% MP).
You are slightly vulnerable to magic.


Message History

The boulder beetle is severely wounded.
You feel sick.
The boulder beetle is stunned by your will and fails to attack.
The adder misses you.
You hit the boulder beetle.
The boulder beetle is severely wounded.
The adder bites you.
You hit the boulder beetle but do no damage.
The boulder beetle is severely wounded.
You feel sick. The adder bites you but does no damage.
The boulder beetle bites you!
* * * LOW HITPOINT WARNING * * *
You hit the boulder beetle but do no damage.
The boulder beetle is severely wounded.
The adder bites you.
* * * LOW HITPOINT WARNING * * *
You hit the boulder beetle but do no damage.
The boulder beetle is severely wounded.
The adder bites you but does no damage. The boulder beetle bites you!!!
You die...

#....#{...?.# ..#.#..
##.##.######.# #.# ...#.#
#..##[....##.##..# #...#
#.#######..#.#...# #...#
#.#.....##.#.#.#.# #.#.#### /..
#.#(###.##.#.#.#.####.#..... ....
#(#.# #†##.#S#.#.#.......... ....
#.#.# #.####S#.#.#.##.###>.. ....
#.#(# #....@B#.....##.###...
.$..##.#.# ########...###..##....
.....#.#(#####..#.....###.###....
...#.#.#.#.......................
.......#.#.........##.....###....
....)..........#.####...#####....
.....##(............#...####.....
..##....##.).#.....<#.....##.####
. ####..##..(..##...>.......#


You could see a boulder beetle, an adder and a ball python.

Vanquished Creatures
  An orc knight (Bailey)
  A wyvern (D:8)
  A steam dragon (D:9)
  A hungry ghost (D:8)
  A water moccasin (D:7)
  3 sky beasts
  2 orc warriors (Bailey)
  2 ice beasts
  A black bear (D:7)
  A necrophage (D:6)
  A crocodile (D:8)
  3 ogres
  6 centaurs
  3 giant frogs
  A gnoll sergeant (D:7)
  2 scorpions
  3 killer bees (D:7)
  A wasp zombie (D:6)
  7 crimson imps
  4 hounds
  13 orc wizards
  4 orc priests
  A centaur zombie (D:5)
  2 centaur skeletons (D:5)
  6 worker ants
  5 iguanas
  A hound zombie (D:8)
  A hound skeleton (D:6)
  11 adders
  7 gnolls (D:7)
  2 shadow imps
  2 oozes
  An adder skeleton (D:7)
  An adder zombie (D:7)
  2 worms
  3 giant geckos
  42 orcs
  5 ball pythons
  5 giant cockroaches
  5 goblins
  7 hobgoblins
  5 jackals
  2 kobolds
  4 quokkas
  9 bats
  3 giant newts
  A jackal skeleton (D:8)
  A jackal zombie (D:7)
  A quokka skeleton (D:9)
  9 rats
206 creatures vanquished.

Notes
Turn   | Place    | Note
--------------------------------------------------------------
     0 | D:1      | Edwin the Formicid Hunter began the quest for the Orb.
     0 | D:1      | Reached XP level 1. HP: 16/16 MP: 1/1
   160 | D:1      | Reached XP level 2. HP: 21/23 MP: 2/2
   225 | D:1      | Reached skill level 1 in Armour
   409 | D:1      | Found a shattered altar of Ashenzari.
   828 | D:2      | Reached XP level 3. HP: 28/28 MP: 3/3
  1302 | D:2      | Found a snail-covered altar of Cheibriados.
  1314 | D:2      | Reached XP level 4. HP: 35/35 MP: 4/4
  1861 | D:3      | Found a blossoming altar of Fedhas.
  1874 | D:3      | Noticed an oklob plant
  2032 | D:3      | Reached XP level 5. HP: 24/42 MP: 5/5
  2216 | D:3      | Found a faded altar to an unknown god.
  2236 | D:3      | Found a white marble altar of Elyvilon.
  2236 | D:3      | Noticed an angel
  2237 | D:3      | Found a runed door.
  2741 | D:4      | Reached skill level 5 in Crossbows
  2741 | D:4      | Reached XP level 6. HP: 35/48 MP: 6/6
  2987 | D:4      | Noticed an ogre
  3190 | D:4      | Found Gileawiv's Food Boutique.
  3934 | D:5      | Entered Level 5 of the Dungeon
  4033 | D:5      | Found a staircase to the Ecumenical Temple.
  4047 | Temple   | Entered the Ecumenical Temple
  4083 | Temple   | Became a worshipper of Ru the Awakened
  4146 | D:5      | Found Secleos's Distillery.
  4163 | D:5      | Bought a potion of heal wounds for 60 gold pieces
  4172 | D:5      | Reached XP level 7. HP: 55/55 MP: 7/7
  4178 | D:5      | Reached skill level 1 in Long Blades
  4352 | D:5      | Reached skill level 5 in Fighting
  4407 | D:5      | Found an ancient bone altar of Kikubaaqudgha.
  4498 | D:5      | Noticed a water elemental
  4499 | D:5      | Found a stormy altar of Qazlal.
  4503 | D:5      | Noticed an air elemental
  4503 | D:5      | Noticed a fire elemental
  4717 | D:5      | Upgraded the game from 0.17-a0-1718-g72dbe4d to 0.17-a0-1719-g1afd5a1
  4737 | D:5      | Reached XP level 8. HP: 62/62 MP: 8/8
  4751 | D:5      | Reached skill level 6 in Crossbows
  5180 | D:5      | Reached skill level 5 in Armour
  5488 | D:5      | Gained mutation: You are slightly vulnerable to magic. [Ru sacrifice]
  5488 | D:5      | Acquired Ru's first power
  6047 | D:6      | Found a shimmering altar of Xom.
  6080 | D:6      | Reached XP level 9. HP: 71/71 MP: 9/9
  6336 | D:6      | Found a burning altar of Makhleb.
  6563 | D:6      | Reached skill level 7 in Crossbows
  7515 | D:7      | Reached skill level 5 in Long Blades
  8398 | D:8      | Found a flagged portal.
  8407 | Bailey   | Entered a bailey
  8754 | Bailey   | Gained mutation: Your magical capacity is low (-10% MP). [Ru sacrifice]
  8983 | Bailey   | Noticed an orc knight
  9259 | Bailey   | Killed an orc knight
  9259 | Bailey   | Reached skill level 8 in Fighting
  9259 | Bailey   | Reached XP level 10. HP: 80/80 MP: 9/9
 10808 | D:8      | Found Doerat's Distillery.
 10816 | D:8      | Bought a potion of might for 48 gold pieces
 10816 | D:8      | Bought a potion of agility for 48 gold pieces
 10816 | D:8      | Bought a potion of heal wounds for 60 gold pieces
 11243 | D:8      | Noticed Psyche
 11398 | D:8      | Noticed Erolcha
 11693 | D:9      | Found a staircase to the Orcish Mines.
 11739 | D:9      | You fall through a shaft!
 11739 | D:10     | Entered Level 10 of the Dungeon
 12272 | D:9      | Found a staircase to the Lair.
 12330 | D:9      | Demolished by a boulder beetle

Vault maps used:
D:1:      dpeg_arrival_simpleton_c, ashenzari_altar_1
D:2:      cheibriados_altar_wand_db
D:3:      tgw_fedhas, ecumenical_altar_1, first_bread, lemuel_angel_altar
D:4:      serial_shops, shop
D:5:      kiku_gazebo_pond_becter, nicolae_qazlal_style_of_elements,
          minmay_temple_entry_grid, serial_shops, shop_statue
D:6:      kennysheep_little_box, makhleb_blood_cavern_becter
D:8:      serial_shops, shop, enter_bailey_2, uniq_erolcha, uniq_psyche
D:9:      boulder_indie, kennysheep_mini_moat, minmay_lair_entry_lava,
          orc_0_dummy, kennysheep_donut, grunt_ogre_cave
D:10:     uniq_nergalle
Temple:   circular_temple_12
Bailey:   bailey_polearm_1, bailey

Action                   |  1- 3 |  4- 6 |  7- 9 | 10-12 || total
-------------------------+-------+-------+-------+-------++-------
Melee: Short sword       |    73 |    32 |       |       ||   105
       Dagger            |       |    58 |   252 |   298 ||   608
 Fire: Hand crossbow     |    30 |    52 |   139 |     5 ||   226
Invok: Sacrifice Essence |       |       |     2 |       ||     2
 Abil: Dig               |       |       |     4 |       ||     4
       Shaft Self        |       |       |       |     1 ||     1
Evoke: Wand              |       |       |    10 |     7 ||    17
  Use: Scroll            |       |     2 |     7 |     7 ||    16
       Potion            |       |       |     1 |       ||     1
 Stab: Sleeping          |       |       |     1 |       ||     1
       Distracted        |       |       |     2 |       ||     2
  Eat: Chunk             |     1 |     6 |     8 |    11 ||    26
       Fruit             |       |     2 |     1 |     1 ||     4
       Meat ration       |       |       |     1 |       ||     1
       Bread ration      |       |       |     1 |       ||     1
